 Dungeon Crawl Stone Soup version 0.25-a0-287-g56a5b49892 (webtiles) character file.

Game seed: 5505746352582979073, levelgen mode: deterministic

97 MoonlitKnight the Chopper (level 4, -7/42 HPs)
             Began as a Hill Orc Monk on Dec 12, 2019.
             Mangled by an ice beast (8 damage)
             ... on level 3 of the Dungeon.
             The game lasted 00:03:56 (1624 turns).

MoonlitKnight the Chopper (Hill Orc Monk)           Turns: 1624, Time: 00:03:57

Health: -7/42      AC:  6    Str: 14    XL:     4   Next: 68%
Magic:  4/4        EV: 11    Int: 10    God:
Gold:   102        SH:  0    Dex: 13    Spells: 3/3 levels left

rFire    . . .     SeeInvis .   a - +0 hand axe
rCold    . . .     Gourm    .   (no shield)
rNeg     . . .     Faith    .   i - +0 ring mail
rPois    .         Spirit   .   (no helmet)
rElec    .         Reflect  .   (no cloak)
rCorr    .         Harm     .   m - +0 pair of gloves
MR       .....                  (no boots)
Stlth    +.........             e - amulet of magic regeneration
HPRegen  0.14/turn              (no ring)
MPRegen  0.34/turn              (no ring)

@: no status effects
A: no striking features
a: no special abilities


You were on level 3 of the Dungeon.
You were hungry.

You visited 1 branch of the dungeon, and saw 3 of its levels.

You collected 102 gold pieces.

Inventory:

Hand Weapons
 a - a +0 hand axe (weapon)
 j - a +0 hunting sling
Missiles
 b - 2 atropa-tipped darts (quivered)
 k - 22 sling bullets
Armour
 i - a +0 ring mail (worn)
 m - a +0 pair of gloves (worn)
Jewellery
 e - an amulet of magic regeneration (around neck)
Scrolls
 h - a scroll of identify {unknown}
 l - 2 scrolls of remove curse {unknown}
 n - a scroll of fog {unknown}
Potions
 d - 2 potions of magic {unknown}
 g - a potion of curing {unknown}
Comestibles
 c - 5 rations
 f - 5 chunks of flesh


   Skills:
 + Level 5.2 Fighting
 + Level 5.6 Axes
 - Level 2.4 Dodging
 - Level 1.5 Stealth


You had 3 spell levels left.
You didn't know any spells.
Your spell library was empty.

Dungeon Overview and Level Annotations

Branches:
Dungeon (3/15)

Altars:

Annotations:
D:3 Sigmund


Message History

The ice beast freezes you!
You hit the ice beast but do no damage. The ice beast hits you.
The ice beast freezes you!
* * * LOW HITPOINT WARNING * * *
You are feeling hungry.
You hit the ice beast.
The ice beast is lightly wounded.
The ice beast barely misses you.
You hit the ice beast.
The ice beast is moderately wounded.
The ice beast hits you but does no damage.
You closely miss the ice beast.
The ice beast is moderately wounded.
The ice beast closely misses you.
You hit the ice beast but do no damage.
The ice beast is moderately wounded.
The ice beast hits you.
* * * LOW HITPOINT WARNING * * *
The ice beast freezes you!
You die...

#########.##.#
........).##.#
############.# #.#
#.# #.# #.#
########.###########
#
.........loY@).....#
#
##...#...K####.....#
# #. #....# #...# #
#...l# ..# # ##.....
# # #...#o. #
#...#.... # ##..#
.Y. # ..# #.


You could see an ice beast, an orc, a leopard gecko and a kobold.

Vanquished Creatures
  A gnoll (D:1)
  3 adders (D:2)
  2 oozes
  A dart slug (D:1)
  2 leopard geckos
  An orc (D:3)
  A ball python (D:2)
  10 bats
  4 giant cockroaches
  6 goblins
  3 hobgoblins
  A quokka (D:2)
  2 frilled lizards (D:3)
  7 kobolds
  3 rats
47 creatures vanquished.

Notes
Turn   | Place    | Note
-------+----------+-------------------------------------------
     0 | D:1      | MoonlitKnight the Hill Orc Monk began the quest for the
                  | Orb.
     0 | D:1      | Reached XP level 1. HP: 19/19 MP: 1/1
   175 | D:1      | Reached XP level 2. HP: 23/27 MP: 2/2
   311 | D:1      | Reached XP level 3. HP: 26/34 MP: 3/3
   658 | D:1      | Reached skill level 5 in Axes
  1084 | D:2      | Reached XP level 4. HP: 36/41 MP: 4/4
  1218 | D:2      | Reached skill level 5 in Fighting
  1502 | D:3      | Noticed Sigmund
  1594 | D:3      | Noticed an ice beast
  1624 | D:3      | HP: 1/42 [ice beast (3)]
  1624 | D:3      | Mangled by an ice beast

Levels and vault maps discovered:
D:1:      dpeg_arrival_rooms_a, layout_rooms
D:2:      layout_rooms
D:3:      minmay_recursive_quarters, layout_loops_ring, first_ration,
          uniq_sigmund, uniq_terence

Skill      XL: |  1  2  3  4 |
---------------+-------------+-----
Fighting       | 4 5 |  5.2
Axes           | 5 |  5.6
Dodging        | |  2.4
Stealth        | |  1.5

Action                   |  1- 3 |  4- 6 || total
-------------------------+-------+-------++-------
Melee: Hand axe          |   100 |    74 ||   174
 Stab: Sleeping          |     4 |     1 ||     5
  Eat: Chunk             |     1 |     1 ||     2
Armor: Leather armour    |    24 |       ||    24
       Robe              |     1 |       ||     1
       Ring mail         |    13 |    38 ||    51
Dodge: Dodged            |    81 |    55 ||   136

Table legend:
 A = Non-vault XP
 B = Vault XP
 C = Vault XP percentage of total XP
 D = Non-vault monster count
 E = Vault monster count
 F = Vault count percentage of total count
                 A         B        C        D         E       F
            +---------+---------+-------+---------+---------+-------
      Total |     132 |       7 |   5.0 |      44 |       3 |   6.4
            +---------+---------+-------+---------+---------+-------
        D:1 |      56 |       0 |   0.0 |      21 |       0 |   0.0
        D:2 |      67 |       0 |   0.0 |      17 |       0 |   0.0
        D:3 |       9 |       7 |  43.8 |       6 |       3 |  33.3
            +---------+---------+-------+---------+---------+-------
